 Seeded DCSS version 0.29.1-15-g9cfb28693d (webtiles) character file.

Game seed: 1 (custom seed)

4340 Kazon the Carver (level 10, -1/86 HPs)
             Began as a Black Draconian Fighter on Apr 18, 2023.
             Was a Believer of Okawaru.
             Slain by a gnoll sergeant
             ... wielding a +0 spear
              (5 damage)
             ... on level 7 of the Dungeon.
             The game lasted 00:23:54 (5740 turns).

Kazon the Carver (Black Draconian Fighter)          Turns: 5740, Time: 00:23:55

Health: -1/86      AC: 10    Str: 19    XL:     10   Next: 12%
Magic:  10/12      EV: 17    Int: 11    God:    Okawaru [**....]
Gold:   494        SH:  0    Dex: 12    Spells: 9/9 levels left

rFire   . . .      SeeInvis .   n - +8 great sword of Freehold {vorpal, Contam rElec Will+}
rCold   . . .      Faith    .   (shield currently unavailable)
rNeg    + . .      Spirit   .   (body armour unavailable)
rPois   .          Reflect  .   (helmet restricted)
rElec   +          Harm     .   (no cloak)
rCorr   .          Rampage  .   (no gloves)
Will    +....                   k - +2 pair of boots
Stlth   ++++......              f - amulet of the acrobat
HPRegen 0.24/turn               r - ring of positive energy
MPRegen 0.13/turn               (no ring)

@: short of breath, heroic
A: breathe lightning, AC +7, unfitting armour, electricity resistance,
cold-blooded
a: Breathe Lightning, Renounce Religion, Heroism


You were on level 7 of the Dungeon.
You worshipped Okawaru.
Okawaru was pleased with you.
You visited 2 branches of the dungeon, and saw 8 of its levels.

You collected 494 gold pieces.

Inventory:

Hand Weapons
 e - a +2 dagger of venom
 n - the +8 great sword of Freehold (weapon) {vorpal, Contam rElec Will+}
   (You acquired it on level 1 of the Dungeon)

   It inflicts extra damage upon your enemies.
   rElec:     It insulates you from electricity.
   Contam:    It causes magical contamination when unequipped.
   Will:      It increases your willpower.
Missiles
 m - 11 boomerangs
 o - 53 stones (quivered)
 q - a throwing net
 C - 3 curare-tipped darts
Armour
 c - a +0 buckler
 k - a +2 pair of boots (worn)
Jewellery
 f - an amulet of the acrobat (around neck)
 r - a ring of positive energy (left hand)
 B - a ring of protection from cold
 E - a ring of ice
Wands
 z - a wand of mindburst (17)
 A - a wand of flame (13)
 F - a wand of paralysis (9)
Scrolls
 i - 11 scrolls of identify
 l - 2 scrolls of immolation {unknown}
 p - a scroll of poison {unknown}
 t - a scroll of magic mapping {unknown}
 u - a scroll of teleportation {unknown}
 v - 2 scrolls of fog {unknown}
 w - 2 scrolls of noise {unknown}
 y - 2 scrolls of enchant weapon {unknown}
 G - a scroll of fear {unknown}
Potions
 a - 2 potions of ambrosia {unknown}
 b - 3 potions of berserk rage {unknown}
 d - 2 potions of haste {unknown}
 g - 2 potions of flight
 h - a potion of attraction {unknown}
 j - 2 potions of might
 s - 4 potions of lignification {unknown}
 D - 2 potions of cancellation


   Skills:
 + Level 7.6(12.6) Fighting
 + Level 9.1(14.1) Long Blades
 + Level 5.4(10.4) Throwing
 + Level 6.9(11.9) Dodging
 + Level 4.3(9.3) Stealth
 + Level 5.1(10.1) Shields
 * Level 3.1 Invocations
 * Level 4.4 Evocations


You had 9 spell levels left.
You didn't know any spells.
Your spell library contained the following spells:

 Spells                   Type           Power      Damage    Failure   Level
 Apportation              Tloc           0%         N/A       34%         1
 Necrotise                Necr           0%         1d4       34%         1
 Sting                    Tmut/Pois      0%         1d3       34%         1
 Poisonous Vapours        Pois/Air       0%         N/A       47%         2
 Olgreb's Toxic Radiance  Pois           0%         N/A       98%         4
 Fireball                 Conj/Fire      0%         3d3       100%        5
 Iskenderun's Battlesphe  Conj           0%         2d6       100%        5
 Conjure Ball Lightning   Conj/Air       0%         3x3d6     100%        6
 Orb of Destruction       Conj           0%         9d5       100%        7
 Summon Small Mammal      Summ           Unusable   N/A       N/A         1

Dungeon Overview and Level Annotations

Branches:
Dungeon (7/15)             Temple (1/1) D:7

Altars:
Ashenzari
Dithmenos
Gozag
Hepliaklqana
Makhleb
Nemelex Xobeh
Okawaru
Qazlal
Uskayaw
Xom

Shops:
D:3 (


Innate Abilities, Weirdness & Mutations

You can breathe wild blasts of lightning.
Your glossy black scales are hard. (AC +7)
You cannot fit into any form of body armour.
You are resistant to electric shocks. (rElec)
You are cold-blooded and may be slowed by cold attacks.


Message History

Press: ? - help, Dir - look around, f - activate You breathe a wild blast of lightning!
You hear a mighty clap of thunder!
The orb of electricity explodes!
The orb of electricity engulfs the gnoll!!
You kill the gnoll!
Okawaru accepts your kill. The orb of electricity engulfs you! You resist.
* * * LOW HITPOINT WARNING * * *
You hear a shout!
Something shouts, "Scamper away, thou feckless crook-pated zombie-fodder!"
A white imp comes into view.
You gain the combat prowess of a mighty hero.
The white imp gestures at you. The puff of frost misses you.
The gnoll completely misses you.
Things that are here:
a +0 whip; a gnoll corpse The gnoll sergeant completely misses you.
The gnoll misses you.
You completely miss the gnoll sergeant. You tail-slap the gnoll sergeant.
The gnoll sergeant is lightly wounded.
The gnoll sergeant hits you but does no damage.
The white imp gestures at you. The puff of frost hits you.
* * * LOW HITPOINT WARNING * * *
The gnoll barely misses you. The gnoll hits you with a +0 hand axe.
* * * LOW HITPOINT WARNING * * *
You slash the gnoll!
The gnoll is almost dead.
The gnoll sergeant hits you with a +0 spear.
* * * LOW HITPOINT WARNING * * *
The gnoll hits you with a +0 spear.
* * * LOW HITPOINT WARNING * * *
The gnoll closely misses you. The gnoll hits you with a +0 flail!
* * * LOW HITPOINT WARNING * * *
You slash the gnoll!
You tail-slap the gnoll, but do no damage.
The gnoll is almost dead.
The gnoll sergeant hits you with a +0 spear.
You die...

### ##...##
##.#####...#..###.....
#<.....................
#....#.................
##..##................
#..#.................
#......[..........#
##..........ggg?..##
####..........g@.5...# #
#...............)...###.#
#......#................#
##.....†#.......##....##.#
#..................#..#
#....)..#.........##.##
#....)))##............#
#..#.#)..#............#
.....#...[.######...#..#


You could see a gnoll sergeant, 3 gnolls and a white imp.

Vanquished Creatures
  Maggie (D:6)
  A yak (D:6)
  A wyvern (D:7)
  Eustachio (D:5)
  A steam dragon (D:7)
  Menkaure (D:5)
  Edmund (D:6)
  2 water moccasins
  2 orc warriors (D:6)
  4 sky beasts
  2 black bears (D:6)
  4 centaurs
  An ogre (D:6)
  2 phantoms (D:6)
  2 kobold brigands
  3 necrophages
  A bullfrog (D:7)
  5 scorpions
  A howler monkey (D:5)
  2 jellies (D:6)
  A hound (D:4)
  5 orc priests
  A gnoll bouda (D:7)
  6 iguanas
  Robin (D:3)
  12 gnolls
  13 adders
  2 shadow imps (D:6)
  A white imp (D:7)
  An ufetubus (D:5)
  3 worms
  20 orcs
  11 endoplasms
  A giant cockroach (D:1)
  16 goblins
  9 hobgoblins
  A jackal (D:4)
  17 kobolds
  A quokka (D:1)
  5 ball pythons
  4 bats
  3 frilled lizards
  6 rats
178 creatures vanquished.

Vanquished Creatures (others)
  A quokka (D:7)
1 creature vanquished.

Grand Total: 179 creatures vanquished

Notes
Turn   | Place    | Note
-------+----------+-------------------------------------------
     0 | D:1      | Kazon the Draconian Fighter began the quest for the Orb.
     0 | D:1      | Reached XP level 1. HP: 19/19 MP: 1/1
    41 | D:1      | Identified a scroll of acquirement
    41 | D:1      | Acquired the +8 great sword of Freehold {vorpal, Contam
                  | rElec Will+}
   348 | D:1      | Reached XP level 2. HP: 26/26 MP: 2/2
   930 | D:2      | Reached XP level 3. HP: 33/33 MP: 3/3
  1221 | D:2      | Reached skill level 3 in Long Blades
  1232 | D:2      | Reached XP level 4. HP: 39/40 MP: 4/4
  1314 | D:2      | You fall into a shaft and drop 2 floors!
  1352 | D:4      | Noticed a scorpion
  1356 | D:4      | Killed a scorpion
  1357 | D:4      | Reached skill level 4 in Long Blades
  1357 | D:4      | Reached XP level 5. HP: 46/46 MP: 5/5
  1667 | D:3      | Found Umat's Antique Weapon Boutique.
  1968 | D:3      | Noticed Robin
  1981 | D:3      | Killed Robin
  2024 | D:3      | Reached skill level 5 in Long Blades
  2164 | D:3      | Reached skill level 6 in Long Blades
  2164 | D:3      | Reached skill level 5 in Throwing
  2164 | D:3      | Reached skill level 5 in Shields
  2164 | D:3      | Reached XP level 6. HP: 57/57 MP: 6/6
  2374 | D:4      | Your scales start taking on a glossy black colour.
  2374 | D:4      | Reached XP level 7. HP: 63/63 MP: 7/7
  2374 | D:4      | Gained mutation: You are resistant to electric shocks.
                  | (rElec) [Black Draconian growth]
  2874 | D:4      | Found a hazy altar of Hepliaklqana.
  2977 | D:5      | Entered Level 5 of the Dungeon
  2983 | D:5      | Reached skill level 7 in Long Blades
  3158 | D:5      | Reached XP level 8. HP: 63/71 MP: 8/8
  3492 | D:5      | Noticed Eustachio
  3507 | D:5      | Killed Eustachio
  3508 | D:5      | Reached skill level 1 in Evocations
  3652 | D:5      | Noticed Menkaure
  3659 | D:5      | Killed Menkaure
  4010 | D:7      | Found a staircase to the Ecumenical Temple.
  4025 | Temple   | Entered the Ecumenical Temple
  4032 | Temple   | Became a worshipper of Warmaster Okawaru
  4350 | D:7      | Found a hide-covered altar of Uskayaw.
  4582 | D:6      | Reached skill level 8 in Long Blades
  4585 | D:6      | Reached XP level 9. HP: 79/79 MP: 9/9
  4608 | D:6      | Reached skill level 1 in Invocations
  4614 | D:6      | Reached * piety under Okawaru
  4822 | D:6      | Noticed Edmund
  4831 | D:6      | Killed Edmund
  5182 | D:6      | Reached ** piety under Okawaru
  5417 | D:6      | Noticed Maggie
  5424 | D:6      | Killed Maggie
  5425 | D:6      | Reached skill level 9 in Long Blades
  5461 | D:6      | Reached XP level 10. HP: 28/86 MP: 12/12
  5739 | D:7      | HP: 3/86 [gnoll/+0 flail[a gnoll sergeant] (7)]
  5740 | D:7      | Slain by a gnoll sergeant

Illustrated notes

Levels and vault maps discovered:
D:1:      dpeg_arrival_three_smaller_balls, layout_basic
D:2:      layout_loops_ring
D:3:      layout_basic, serial_shops, nicolae_shop_stone, st_stairs_9,
          minmay_misc_feat_doors, eino_curves_03, uniq_robin
D:4:      minmay_wonky_spiral, layout_basic,
          mainiacjoe_overflow_surrounded_room, minivault_5
D:5:      layout_cave_pods, uniq_menkaure, uniq_eustachio
D:6:      cheibrodos_barr_body, layout_basic, minmay_crystal_room,
          minmay_pentangle, uniq_maggie, uniq_edmund
D:7:      layout_cave_pools, nicolae_uskayaw_murder_on_the_dancefloor,
          elyvilon_altar_4, minmay_temple_entry_purple_smoke
Temple:   nicolae_temple_bog_church

Skill      XL: |  1  2  3  4  5  6  7  8  9 |
---------------+----------------------------+-----
Dodging        | 3 6 |  6.9
Long Blades    | 3 4 6 7 8 9 |  9.1
Fighting       | 4 6 7 |  7.6
Throwing       | 5 |  5.4
Stealth        | 3 4 |  4.3
Shields        | 5 |  5.1
Evocations     | 3 4 |  4.4
Invocations    | 3 |  3.1

Action                   |  1- 3 |  4- 6 |  7- 9 | 10-12 || total
-------------------------+-------+-------+-------+-------++-------
Melee: Great sword       |    69 |    60 |   199 |    23 ||   351
       Long sword        |     7 |       |       |       ||     7
       Tailslap          |     3 |     4 |    24 |     6 ||    37
Throw: Stone             |     5 |    13 |    23 |     5 ||    46
Invok: Heroism           |       |       |       |     1 ||     1
 Abil: Breathe Lightning |       |       |    12 |     2 ||    14
Evoke: Wand              |       |       |     4 |       ||     4
  Use: Scroll            |     1 |       |     2 |       ||     3
       Potion            |       |     1 |     4 |       ||     5
 Stab: Sleeping          |       |     2 |     2 |     1 ||     5
       Paralysed         |       |       |     2 |       ||     2
Armor: Skin              |    41 |    26 |    80 |     5 ||   152
Dodge: Dodged            |    74 |    63 |   182 |    34 ||   353
Block: Buckler           |     6 |       |       |       ||     6
